AoeStats
← HANNiBAL_iS_BACK

Marketplace

505297494Analyzed
1v1 RM · 24d ago on Sep 8, 2026· 47m 57s· 2 players
Game mode
Random Map
Map size
Tiny (2 player)
Population
200
Speed
Normal
Resources
Standard
Victory
Conquest
Starting age
Dark Age
Ending age
Imperial Age
RankedLock teamsTeams togetherTeam positionsShared explorationLock speedFull tech treeHidden civsTurbo modeCheats
Victory
Defeat
🇸🇪 Magyars · Sweden
1137
+16
🇩🇪 Maya · Germany
1135
-16
HANNiBAL_iS_BACK
5:54 Loom
12:19 Feudal Age
18:23 Double-Bit Axe
18:47 Horse Collar
25:51 Castle Age
25:17 Gold Mining
25:52 Crossbowman
26:27 Fletching
26:38 Padded Archer Armor
26:45 Heavy Plow
27:02 Bow Saw
26:46 Stone Mining
30:35 Thumb Ring
31:35 Caravan
31:45 Bodkin Arrow
32:06 Leather Archer Armor
32:25 Ballistics
33:32 Elite Skirmisher
38:12 Imperial Age
36:18 Wheelbarrow
35:29 Town Watch
35:53 Squires
38:03 Treadmill Crane
38:12 Arbalester
39:55 Chemistry
38:59 Bracer
40:48 Ring Archer Armor
41:24 Conscription
41:10 Hul'che Javelineers
43:03 Stone Shaft Mining
43:01 Crop Rotation
43:17 Conscription
42:31 Eagle Warrior
43:31 Town Patrol
43:54 Scale Mail Armor
44:04 Forging
43:46 Arson
43:23 Eagle Warrior
44:59 Hand Cart
45:56 Elite Eagle Warrior
47:57 Fortified Wall
47:43 Murder Holes
Chunga
6:05 Loom
10:30 Feudal Age
10:39 Man-at-Arms
12:55 Horse Collar
13:05 Double-Bit Axe
14:08 Arson
16:45 Wheelbarrow
22:33 Castle Age
21:32 Fletching
21:57 Bloodlines
22:41 Light Cavalry
23:32 Stone Mining
23:34 Gold Mining
24:08 Padded Archer Armor
25:18 Bow Saw
25:41 Town Watch
26:03 Husbandry
26:48 Scale Barding Armor
28:08 Bodkin Arrow
31:50 Ballistics
32:04 Thumb Ring
33:50 Hand Cart
37:45 Gold Shaft Mining
41:53 Imperial Age
40:26 Corvinian Army
41:28 Chain Barding Armor
42:23 Leather Archer Armor
43:31 Parthian Tactics
43:09 Bracer
43:40 Ring Archer Armor
43:48 Plate Barding Armor
44:25 Chemistry
44:41 Heavy Cavalry Archer
45:39 Town Patrol
45:53 Recurve Bow
46:13 Conscription
45:15 Elite Magyar Huszar
46:15 Masonry
48:20 Two-Man Saw
47:33 Siege Engineers
48:27 Ring Archer Armor
Connection lost

Rejoining the realm…

Still unreachable

The connection could not be restored.

Session expired

The server has moved on; the page needs a fresh start.